Avalanche vs Panthers
(R2)
Created - October 24, 2017 at 19:01
Goals
|
| Avalanche |
0 |
1 |
3 |
4 |
| Panthers |
2 |
1 |
0 |
3 |
|
Shots
|
| Avalanche |
5 |
9 |
6 |
20 |
| Panthers |
13 |
13 |
8 |
34 |
|
1st period
1. Panthers , Marian Hossa 6 (Tim Connolly 7) at 10:36 (PP)
2. Panthers , Peter Prucha 2 (Scott Gomez 6, Daniel Sedin 2) at 13:46 (PP)
Penalties :
Andrei Kostitsyn (Col) for Hooking (Minor) at 10:23, Corey Perry (Col) for Hooking (Minor) at 12:03, Mikkel Boedker (Col) for Interference (Minor) at 15:51, Andrew Ladd (Col) for Cross-checking (Minor) at 19:14
2nd period
3. Panthers , Guillaume Latendresse 4 (Tim Connolly 8) at 7:29
4. Avalanche , Andrew Ladd 1 (Paul Stastny 4) at 9:41
Penalties :
Tomas Kopecky (Flo) for Boarding (Minor) at 6:24, Corey Perry (Col) for Holding (Minor) at 6:44, Johnny Boychuk (Col) for Roughing (Minor) at 11:45, Scott Gomez (Flo) for Holding Stick (Minor) at 12:26
3rd period
5. Avalanche , David Krejci 2 (Ryan Smyth 2, Jay Bouwmeester 3) at 2:17
6. Avalanche , David Krejci 3 (Chuck Kobasew 2, Ryan Smyth 3) at 5:30
7. Avalanche , Chuck Kobasew 3 (David Krejci 1, Jay Bouwmeester 4) at 9:54
Penalties :
Corey Perry (Col) for Roughing (Minor) at 7:01, Mark Giordano (Col) for Close Hand On Puck (Minor) at 10:17, Ryan Smyth (Col) for Tripping (Minor) at 15:31, Erik Gudbranson (Flo) for Boarding (Minor) at 15:38, Andrew Ladd (Col) for Interference (Minor) at 19:24
Goalie Stats
Semyon Varlamov (Col), 31 saves from 34 shots - (0.912), W, 4-1-0, 60:00 minutes
Petr Mrazek (Flo), 16 saves from 20 shots - (0.800), L, 1-1-0, 59:00 minutes
Players Stats for Avalanche
Player Name G A P +/- PIM S H SB GA TA FO MP PP MP PK MP
------------------------------------------------------------------------------------
Alexander Radulov 0 0 0 0 0 0 1 1 0 0 0/0 12:35 0:26 0:00
Andrei Kostitsyn 0 0 0 0 2 3 1 0 0 0 0/2 16:26 0:33 1:12
Andrew Ladd 1 0 1 1 4 2 2 0 0 0 8/13 15:32 0:00 5:23
Brandon Yip 0 0 0 1 0 0 1 0 0 0 0/0 12:09 0:00 3:07
Bryan Little 0 0 0 -1 0 1 1 0 2 0 10/22 17:48 0:35 0:00
Chuck Kobasew 1 1 2 3 0 1 1 0 0 1 1/1 13:34 0:00 7:16
Corey Perry 0 0 0 0 6 1 1 0 0 0 0/1 16:13 0:38 0:00
Cory Emmerton 0 0 0 0 0 0 1 0 0 0 10/18 14:56 0:00 2:30
David Krejci 2 1 3 3 0 3 1 0 0 0 1/5 6:41 0:00 0:35
Jack Johnson 0 0 0 0 0 1 0 2 0 1 0/0 26:11 0:28 8:02
Jay Bouwmeester 0 2 2 2 0 4 1 0 0 0 0/0 20:44 0:40 3:33
Johnny Boychuk 0 0 0 1 2 0 1 0 1 2 0/0 12:45 0:03 0:00
Marc Staal 0 0 0 0 0 1 1 1 1 1 0/0 26:05 0:28 8:02
Mark Giordano 0 0 0 1 2 1 0 1 0 0 0/0 13:31 0:00 0:00
Mikkel Boedker 0 0 0 -1 2 1 2 0 0 0 0/1 17:27 0:35 0:00
Paul Stastny 0 1 1 1 0 0 0 0 0 0 2/4 9:18 0:26 0:00
Pernell Karl Subban 0 0 0 2 0 1 1 1 1 1 0/0 21:34 0:40 3:33
Ryan Smyth 0 2 2 3 2 0 0 0 1 0 0/0 9:57 0:07 3:07
Players Stats for Panthers
Player Name G A P +/- PIM S H SB GA TA FO MP PP MP PK MP
------------------------------------------------------------------------------------
Alexander Perezhogin 0 0 0 -2 0 0 1 0 1 0 0/0 7:58 0:00 0:00
Cody Ceci 0 0 0 -1 0 1 0 2 0 2 0/0 13:29 0:00 0:30
Daniel Sedin 0 1 1 -2 0 2 1 0 0 1 0/1 17:44 4:50 0:29
Erik Gudbranson 0 0 0 -1 2 2 4 1 1 1 0/0 27:50 8:00 0:17
Guillaume Latendresse 1 0 1 1 0 8 4 0 0 0 4/5 24:21 6:44 0:39
Jeff Tambellini 0 0 0 0 0 0 0 0 1 0 0/0 8:21 0:00 0:00
Jonathan Matsumoto 0 0 0 0 0 0 0 0 0 0 1/2 8:21 0:00 0:00
Jonathan Sigalet 0 0 0 -1 0 2 6 3 0 0 0/0 30:42 8:01 0:30
Marian Hossa 1 0 1 0 0 3 0 0 0 1 1/1 21:41 6:45 0:00
Matthew Spiller 0 0 0 -1 0 2 0 0 0 0 0/0 19:35 3:34 0:38
Peter Prucha 1 0 1 -2 0 5 3 1 0 0 1/1 16:55 4:50 0:00
Radko Gudas 0 0 0 -1 0 1 2 2 0 0 0/0 18:49 3:34 0:21
Scott Gomez 0 1 1 -2 2 2 1 0 0 0 7/16 18:12 4:50 0:20
Sergei Samsonov 0 0 0 -2 0 0 0 0 0 0 0/0 9:38 0:00 0:07
Shawn Horcoff 0 0 0 -2 0 2 0 1 1 0 3/5 8:38 0:00 0:40
Tim Connolly 0 2 2 1 0 4 1 0 2 0 18/36 23:17 6:44 0:01
Tomas Kopecky 0 0 0 0 2 0 0 0 0 0 0/0 8:21 0:01 0:00
William Colbert 0 0 0 -1 0 0 1 1 0 1 0/0 10:08 0:00 0:00
3 Stars
1 - David Krejci (Col)
2 - Chuck Kobasew (Col)
3 - Guillaume Latendresse (Flo)
Power Play
Avalanche - 0 on 3 Attempt(s) - 0.00%
Panthers - 2 on 10 Attempt(s) - 20.00%
Penalty Kill
Avalanche - 8 on 10 Attempt(s) - 80.00%
- Score 0 goal in Penalty Kill
Panthers - 3 on 3 Attempt(s) - 100.00%
- Score 0 goal in Penalty Kill
Team Stat
Avalanche - Hits : 16 - Faceoff Wins : 32 - Blocked Shots : 6 - Penalty Minutes : 20
Panthers - Hits : 24 - Faceoff Wins : 35 - Blocked Shots : 11 - Penalty Minutes : 6
Official
Referees : Kozari Steve and O'Rourke Dan
Linesman : Brian Mach and Dan Schachte
Game Notes
No Game Note
Finance
Level 1 -- Attendance: 5258 (87.63%) -- Ticket Income $462,704
Level 2 -- Attendance: 5000 (100.00%) -- Ticket Income $275,000
Level 3 -- Attendance: 1249 (62.45%) -- Ticket Income $62,450
Level 4 -- Attendance: 2817 (70.43%) -- Ticket Income $90,144
Luxury Box -- Attendance: 1000 (100.00%) -- Ticket Income $145,000
Game was played at the Bank Atlantic Cente.
Total Attendance: 15324 (85.13%)
Total Ticket Income: $1,035,298
Other Income: $155,295
Total Income: $1,190,593
Avalanche
5 vs 5 Forward
Center Left Wing Right Wing Time % Phy DF OF
1 Bryan Little Mikkel Boedker Corey Perry 35 1 2 2
2 Cory Emmerton Andrei Kostitsyn Alexander Radulov 30 1 2 2
3 Paul Stastny Andrew Ladd Brandon Yip 20 1 2 2
4 David Krejci Ryan Smyth Chuck Kobasew 15 1 2 2
5 vs 5 Defense
Defense Defense Time % Phy DF OF
1 Jack Johnson Pernell Karl Subban 35 1 2 2
2 Marc Staal Jay Bouwmeester 35 1 2 2
3 Johnny Boychuk Mark Giordano 30 1 2 2
4 Jack Johnson Marc Staal 0 1 2 2
PowerPlay Forward
Center Left Wing Right Wing Time % Phy DF OF
1 Bryan Little Mikkel Boedker Corey Perry 60 1 2 2
2 Paul Stastny Andrei Kostitsyn Alexander Radulov 40 1 2 2
PowerPlay Defense
Defense Defense Time % Phy DF OF
1 Jack Johnson Marc Staal 60 1 2 2
2 Pernell Karl Subban Jay Bouwmeester 40 1 2 2
Penalty Kill 4 Players Forward
Center Wing Time % Phy DF OF
1 Andrew Ladd Chuck Kobasew 60 1 2 2
2 Brandon Yip Ryan Smyth 40 1 2 2
Penalty Kill 4 Players Defense
Defense Defense Time % Phy DF OF
1 Jack Johnson Marc Staal 60 1 2 2
2 Pernell Karl Subban Jay Bouwmeester 40 1 2 2
Penalty Kill - 3 Players Forward
Forward Time % Phy DF OF
1 Bryan Little 60 1 2 2
2 Mikkel Boedker 40 1 2 2
Penalty Kill - 3 Players Defense
Defense Defense Time % Phy DF OF
1 Jack Johnson Marc Staal 60 1 2 2
2 Pernell Karl Subban Jay Bouwmeester 40 1 2 2
4 vs 4 Forward
Center Wing Time % Phy DF OF
1 Bryan Little Mikkel Boedker 60 1 2 2
2 Corey Perry Andrei Kostitsyn 40 1 2 2
4 vs 4 Defense
Defense Defense Time % Phy DF OF
1 Jack Johnson Marc Staal 60 1 2 2
2 Pernell Karl Subban Jay Bouwmeester 40 1 2 2
Last Minutes Offensive
Center Left Wing Right Wing Defense Defense
Bryan Little Mikkel Boedker Corey Perry Jack Johnson Jay Bouwmeester
Last Minutes Defensive
Center Left Wing Right Wing Defense Defense
Bryan Little Andrew Ladd Chuck Kobasew Marc Staal Pernell Karl Subban
Goaltenders
Starting : Semyon Varlamov
Backup : Dan Ellis
Extra Forwards
Normal : Andrew Ladd, Alexander Radulov, Cory Emmerton - PP : Andrew Ladd, Alexander Radulov - PK : Cory Emmerton
Extra Defensemen
Normal : Johnny Boychuk, Mark Giordano, Pernell Karl Subban - PP : Johnny Boychuk - PK : Mark Giordano, Pernell Karl Subban
Penalty Shots
Bryan Little, Mikkel Boedker, Corey Perry, Andrei Kostitsyn, Paul Stastny
Scratches
None
Panthers
5 vs 5 Forward
Center Left Wing Right Wing Time % Phy DF OF
1 Tim Connolly Guillaume Latendresse Marian Hossa 40 0 2 3
2 Scott Gomez Daniel Sedin Peter Prucha 30 0 2 3
3 Shawn Horcoff Sergei Samsonov Alexander Perezhogin 20 1 2 2
4 Jonathan Matsumoto Jeff Tambellini Tomas Kopecky 10 1 2 2
5 vs 5 Defense
Defense Defense Time % Phy DF OF
1 Jonathan Sigalet Erik Gudbranson 40 0 2 3
2 Matthew Spiller Radko Gudas 30 0 2 3
3 William Colbert Cody Ceci 20 0 3 2
4 Jonathan Sigalet Erik Gudbranson 10 0 2 3
PowerPlay Forward
Center Left Wing Right Wing Time % Phy DF OF
1 Tim Connolly Guillaume Latendresse Marian Hossa 60 1 0 4
2 Scott Gomez Daniel Sedin Peter Prucha 40 1 0 4
PowerPlay Defense
Defense Defense Time % Phy DF OF
1 Jonathan Sigalet Erik Gudbranson 60 1 1 3
2 Matthew Spiller Radko Gudas 40 1 1 3
Penalty Kill 4 Players Forward
Center Wing Time % Phy DF OF
1 Scott Gomez Guillaume Latendresse 60 1 3 1
2 Shawn Horcoff Marian Hossa 40 1 3 1
Penalty Kill 4 Players Defense
Defense Defense Time % Phy DF OF
1 Matthew Spiller Erik Gudbranson 60 1 3 1
2 Jonathan Sigalet Cody Ceci 40 1 3 1
Penalty Kill - 3 Players Forward
Forward Time % Phy DF OF
1 Guillaume Latendresse 60 1 3 1
2 Scott Gomez 40 1 3 1
Penalty Kill - 3 Players Defense
Defense Defense Time % Phy DF OF
1 Matthew Spiller Erik Gudbranson 60 1 3 1
2 Jonathan Sigalet Cody Ceci 40 1 3 1
4 vs 4 Forward
Center Wing Time % Phy DF OF
1 Tim Connolly Guillaume Latendresse 60 0 2 3
2 Scott Gomez Marian Hossa 40 0 2 3
4 vs 4 Defense
Defense Defense Time % Phy DF OF
1 Jonathan Sigalet Erik Gudbranson 60 0 2 3
2 Matthew Spiller Radko Gudas 40 1 2 2
Last Minutes Offensive
Center Left Wing Right Wing Defense Defense
Tim Connolly Guillaume Latendresse Marian Hossa Jonathan Sigalet Erik Gudbranson
Last Minutes Defensive
Center Left Wing Right Wing Defense Defense
Scott Gomez Guillaume Latendresse Peter Prucha Matthew Spiller Cody Ceci
Goaltenders
Starting : Petr Mrazek
Backup : Antti Niemi
Extra Forwards
Normal : Sergei Samsonov, Guillaume Latendresse, Marian Hossa - PP : Sergei Samsonov, Guillaume Latendresse - PK : Shawn Horcoff
Extra Defensemen
Normal : Matthew Spiller, Jonathan Sigalet, Erik Gudbranson - PP : Jonathan Sigalet - PK : Cody Ceci, Erik Gudbranson
Penalty Shots
Guillaume Latendresse, Sergei Samsonov, Jeff Tambellini, Marian Hossa, Peter Prucha
Scratches
Steve Montador (Right Forearm Injury)
% Time on Ice - Avalanche
Lines # - Real PCT - Wanted PCT - Time Play
Normal Forward
1 - 35% - 35% - 14:53
2 - 30% - 30% - 12:37
3 - 21% - 20% - 8:44
4 - 14% - 15% - 5:52
Normal Defense
1 - 29% - 35% - 12:12
2 - 35% - 35% - 14:55
3 - 30% - 30% - 12:43
4 - 5% - 0% - 2:16
PP Forward
1 - 51% - 60% - 0:35
2 - 49% - 40% - 0:33
PP Defense
1 - 41% - 60% - 0:28
2 - 59% - 40% - 0:40
PK Forward
1 - 73% - 60% - 8:26
2 - 27% - 40% - 3:09
PK Defense
1 - 69% - 60% - 8:02
2 - 31% - 40% - 3:33
PK3 Forward
1 - 0% - 60%
2 - 0% - 40%
PK3 Defense
1 - 0% - 60%
2 - 0% - 40%
44 Forward
1 - 72% - 60% - 3:29
2 - 28% - 40% - 1:20
44 Defense
1 - 67% - 60% - 3:13
2 - 33% - 40% - 1:36
Last Minute Offensive - 0:00
Last Minute Defensive - 0:22
Total
Forward - 60:00
Defense - 60:00
|
% Time on Ice - Panthers
Lines # - Real PCT - Wanted PCT - Time Play
Normal Forward
1 - 33% - 40% - 13:42
2 - 29% - 30% - 12:05
3 - 19% - 20% - 7:58
4 - 20% - 10% - 8:21
Normal Defense
1 - 38% - 40% - 15:50
2 - 35% - 30% - 14:54
3 - 24% - 20% - 10:08
4 - 3% - 10% - 1:14
PP Forward
1 - 58% - 60% - 6:44
2 - 42% - 40% - 4:51
PP Defense
1 - 69% - 60% - 8:01
2 - 31% - 40% - 3:34
PK Forward
1 - 100% - 60% - 1:08
2 - 0% - 40% - 0:00
PK Defense
1 - 35% - 60% - 0:24
2 - 65% - 40% - 0:44
PK3 Forward
1 - 0% - 60%
2 - 0% - 40%
PK3 Defense
1 - 0% - 60%
2 - 0% - 40%
44 Forward
1 - 74% - 60% - 3:34
2 - 26% - 40% - 1:15
44 Defense
1 - 83% - 60% - 3:59
2 - 17% - 40% - 0:50
Last Minute Offensive - 0:22
Last Minute Defensive - 0:00
Total
Forward - 60:00
Defense - 60:00
|
Play by Play
1st period
0:01 of 1st period - Guillaume Latendresse wins face-off versus Bryan Little in neutral zone.
0:26 of 1st period - Peter Prucha is hit by Cory Emmerton and loses puck.
1:33 of 1st period - Wrist shot by Scott Gomez.
1:33 of 1st period - Shot Misses the Net.
2:21 of 1st period - Snap shot by Sergei Samsonov.
2:21 of 1st period - Deflect By Shawn Horcoff.
2:21 of 1st period - Stopped by Semyon Varlamov without a rebound.
2:22 of 1st period - David Krejci wins face-off versus Shawn Horcoff in Avalanche zone.
2:47 of 1st period - Mikkel Boedker is hit by Erik Gudbranson and loses puck.
2:54 of 1st period - Snap shot by Guillaume Latendresse.
2:54 of 1st period - Stopped by Semyon Varlamov without a rebound.
2:55 of 1st period - Tim Connolly wins face-off versus Cory Emmerton in Avalanche zone.
3:26 of 1st period - Johnny Boychuk is hit by Daniel Sedin and loses puck.
3:33 of 1st period - Snap shot by Peter Prucha.
3:33 of 1st period - Stopped by Semyon Varlamov with a rebound.
3:43 of 1st period - Erik Gudbranson is hit by Bryan Little and loses puck.
4:30 of 1st period - Wrist shot by Alexander Radulov.
4:30 of 1st period - Shot Misses the Net.
4:48 of 1st period - Wrist shot by Peter Prucha.
4:48 of 1st period - Shot Misses the Net.
4:50 of 1st period - Slapshot by Jonathan Sigalet.
4:50 of 1st period - Shot Misses the Net.
4:52 of 1st period - Snap shot by Scott Gomez.
4:52 of 1st period - Shot Misses the Net.
5:26 of 1st period - Johnny Boychuk is hit by Radko Gudas and loses puck.
5:51 of 1st period - Wrist shot by Andrei Kostitsyn.
5:51 of 1st period - Stopped by Petr Mrazek with a rebound.
6:01 of 1st period - Jay Bouwmeester is hit by William Colbert and loses puck.
6:38 of 1st period - Off-side.
6:39 of 1st period - Shawn Horcoff wins face-off versus David Krejci in neutral zone.
7:30 of 1st period - Peter Prucha is hit by Pernell Karl Subban and loses puck.
7:49 of 1st period - Marc Staal is hit by Erik Gudbranson and loses puck.
8:14 of 1st period - Wrist shot by Marian Hossa.
8:14 of 1st period - Stopped by Semyon Varlamov with a rebound.
8:16 of 1st period - Slapshot by Marian Hossa.
8:16 of 1st period - Shot Misses the Net.
8:18 of 1st period - Wrist shot by Marian Hossa.
8:18 of 1st period - Shot Blocked by Marc Staal.
9:40 of 1st period - Snap shot by David Krejci.
9:40 of 1st period - Shot Misses the Net.
9:42 of 1st period - Slapshot by Pernell Karl Subban.
9:42 of 1st period - Stopped by Petr Mrazek without a rebound.
9:43 of 1st period - Tim Connolly wins face-off versus David Krejci in Panthers zone.
10:09 of 1st period - Icing by Jonathan Sigalet.
10:10 of 1st period - Tim Connolly wins face-off versus Andrei Kostitsyn in Panthers zone.
10:17 of 1st period - Slapshot by Tim Connolly.
10:17 of 1st period - Shot Misses the Net.
10:19 of 1st period - Snap shot by Guillaume Latendresse.
10:19 of 1st period - Stopped by Semyon Varlamov without a rebound.
10:20 of 1st period - Cory Emmerton wins face-off versus Scott Gomez in Avalanche zone.
10:20 of 1st period - Cory Emmerton is hit by Scott Gomez.
10:23 of 1st period - Minor Penalty to Andrei Kostitsyn for Hooking.
10:24 of 1st period - Tim Connolly wins face-off versus Andrew Ladd in Avalanche zone.
10:30 of 1st period - Snap shot by Tim Connolly.
10:30 of 1st period - Stopped by Semyon Varlamov without a rebound.
10:31 of 1st period - Tim Connolly wins face-off versus Andrew Ladd in Avalanche zone.
10:36 of 1st period - Slapshot by Marian Hossa.
10:36 of 1st period - Goal by Marian Hossa - Avalanche : 0 - Panthers : 1.
10:37 of 1st period - Marian Hossa wins face-off versus Cory Emmerton in neutral zone.
11:02 of 1st period - Peter Prucha is hit by Mikkel Boedker and loses puck.
11:29 of 1st period - Snap shot by Alexander Perezhogin.
11:29 of 1st period - Shot Misses the Net.
11:31 of 1st period - Slapshot by Cody Ceci.
11:31 of 1st period - Stopped by Semyon Varlamov without a rebound.
11:32 of 1st period - Cory Emmerton wins face-off versus Guillaume Latendresse in Avalanche zone.
11:47 of 1st period - Slapshot by Andrei Kostitsyn.
11:47 of 1st period - Shot Blocked by Cody Ceci.
12:00 of 1st period - Icing by Scott Gomez.
12:01 of 1st period - Bryan Little wins face-off versus Scott Gomez in Panthers zone.
12:03 of 1st period - Minor Penalty to Corey Perry for Hooking.
12:04 of 1st period - Andrew Ladd wins face-off versus Tim Connolly in Avalanche zone.
12:35 of 1st period - Snap shot by Peter Prucha.
12:35 of 1st period - Shot Misses the Net.
12:56 of 1st period - Slapshot by Ryan Smyth.
12:56 of 1st period - Shot Blocked by Jonathan Sigalet.
12:58 of 1st period - Slapshot by Pernell Karl Subban.
12:58 of 1st period - Shot Misses the Net.
13:00 of 1st period - Slapshot by Jay Bouwmeester.
13:00 of 1st period - Stopped by Petr Mrazek without a rebound.
13:01 of 1st period - Andrew Ladd wins face-off versus Tim Connolly in Panthers zone.
13:11 of 1st period - Off-side.
13:12 of 1st period - Tim Connolly wins face-off versus Andrew Ladd in neutral zone.
13:15 of 1st period - Slapshot by Guillaume Latendresse.
13:15 of 1st period - Stopped by Semyon Varlamov without a rebound.
13:16 of 1st period - Andrew Ladd wins face-off versus Tim Connolly in Avalanche zone.
13:25 of 1st period - Chuck Kobasew is hit by Radko Gudas and loses puck.
13:46 of 1st period - Snap shot by Peter Prucha.
13:46 of 1st period - Goal by Peter Prucha - Avalanche : 0 - Panthers : 2.
13:47 of 1st period - Tim Connolly wins face-off versus Bryan Little in neutral zone.
14:06 of 1st period - Bryan Little is hit by Guillaume Latendresse.
14:33 of 1st period - Scott Gomez is hit by Andrei Kostitsyn and loses puck.
14:44 of 1st period - Brandon Yip is hit by Alexander Perezhogin and loses puck.
15:17 of 1st period - Radko Gudas is hit by David Krejci and loses puck.
15:27 of 1st period - Icing by Chuck Kobasew.
15:28 of 1st period - Bryan Little wins face-off versus Tim Connolly in Avalanche zone.
15:51 of 1st period - Minor Penalty to Mikkel Boedker for Interference.
15:52 of 1st period - Andrew Ladd wins face-off versus Tim Connolly in Avalanche zone.
16:04 of 1st period - Off-side.
16:05 of 1st period - Chuck Kobasew wins face-off versus Tim Connolly in neutral zone.
16:32 of 1st period - Chuck Kobasew is hit by Peter Prucha and loses puck.
16:41 of 1st period - Snap shot by Scott Gomez.
16:41 of 1st period - Stopped by Semyon Varlamov with a rebound.
17:23 of 1st period - Marc Staal is hit by Jonathan Sigalet and loses puck.
17:51 of 1st period - Penalty to Mikkel Boedker is over, Mikkel Boedker is back on ice.
17:58 of 1st period - Wrist shot by Bryan Little.
17:58 of 1st period - Shot Misses the Net.
18:00 of 1st period - Snap shot by Jay Bouwmeester.
18:00 of 1st period - Stopped by Petr Mrazek without a rebound.
18:01 of 1st period - Bryan Little wins face-off versus Shawn Horcoff in Panthers zone.
18:11 of 1st period - Off-side.
18:12 of 1st period - Scott Gomez wins face-off versus Cory Emmerton in neutral zone.
18:15 of 1st period - Wrist shot by Jonathan Sigalet.
18:15 of 1st period - Deflect By Jay Bouwmeester.
18:15 of 1st period - Stopped by Semyon Varlamov without a rebound.
18:16 of 1st period - Cory Emmerton wins face-off versus Scott Gomez in Avalanche zone.
18:47 of 1st period - Wrist shot by Tim Connolly.
18:47 of 1st period - Stopped by Semyon Varlamov with a rebound.
19:01 of 1st period - Snap shot by Paul Stastny.
19:01 of 1st period - Shot Blocked by Radko Gudas.
19:03 of 1st period - Snap shot by Jay Bouwmeester.
19:03 of 1st period - Stopped by Petr Mrazek without a rebound.
19:04 of 1st period - Shawn Horcoff wins face-off versus Paul Stastny in Panthers zone.
19:14 of 1st period - Minor Penalty to Andrew Ladd for Cross-checking.
19:15 of 1st period - Cory Emmerton wins face-off versus Tim Connolly in Avalanche zone.
Goals for this period are 0 for Avalanche vs 2 for Panthers.
Shots for this period are 5 for Avalanche vs 13 for Panthers.
2nd period
0:01 of 2nd period - Tim Connolly wins face-off versus Cory Emmerton in neutral zone.
1:14 of 2nd period - Penalty to Andrew Ladd is over, Andrew Ladd is back on ice.
1:14 of 2nd period - Marian Hossa is hit by Andrew Ladd and loses puck.
2:13 of 2nd period - William Colbert is hit by Johnny Boychuk and loses puck.
2:20 of 2nd period - Wrist shot by Andrei Kostitsyn.
2:20 of 2nd period - Stopped by Petr Mrazek without a rebound.
2:21 of 2nd period - Bryan Little wins face-off versus Scott Gomez in Panthers zone.
2:22 of 2nd period - Snap shot by Corey Perry.
2:22 of 2nd period - Stopped by Petr Mrazek with a rebound.
2:28 of 2nd period - Snap shot by Erik Gudbranson.
2:28 of 2nd period - Deflect By Marc Staal.
2:28 of 2nd period - Stopped by Semyon Varlamov with a rebound.
2:30 of 2nd period - Snap shot by Scott Gomez.
2:30 of 2nd period - Deflect By Bryan Little.
2:30 of 2nd period - Shot Misses the Net.
2:30 of 2nd period - Puck is out of play.
2:31 of 2nd period - Bryan Little wins face-off versus Scott Gomez in Avalanche zone.
2:31 of 2nd period - Bryan Little is hit by Peter Prucha.
2:47 of 2nd period - Snap shot by Mikkel Boedker.
2:47 of 2nd period - Stopped by Petr Mrazek without a rebound.
2:48 of 2nd period - Tim Connolly wins face-off versus Cory Emmerton in Panthers zone.
2:53 of 2nd period - Wrist shot by Erik Gudbranson.
2:53 of 2nd period - Shot Blocked by Jack Johnson.
2:59 of 2nd period - Wrist shot by Marian Hossa.
2:59 of 2nd period - Stopped by Semyon Varlamov without a rebound.
3:00 of 2nd period - Cory Emmerton wins face-off versus Tim Connolly in Avalanche zone.
3:00 of 2nd period - Jack Johnson is hit by Guillaume Latendresse and loses puck.
3:10 of 2nd period - Jack Johnson is hit by Jonathan Sigalet and loses puck.
3:37 of 2nd period - Wrist shot by Peter Prucha.
3:37 of 2nd period - Stopped by Semyon Varlamov with a rebound.
4:01 of 2nd period - Slapshot by Andrew Ladd.
4:01 of 2nd period - Shot Misses the Net.
4:03 of 2nd period - Slapshot by Mark Giordano.
4:03 of 2nd period - Stopped by Petr Mrazek without a rebound.
4:04 of 2nd period - Cory Emmerton wins face-off versus Tim Connolly in Panthers zone.
6:24 of 2nd period - Minor Penalty to Tomas Kopecky for Boarding.
6:25 of 2nd period - Scott Gomez wins face-off versus Bryan Little in Panthers zone.
6:36 of 2nd period - Scott Gomez is hit by Marc Staal and loses puck.
6:44 of 2nd period - Minor Penalty to Corey Perry for Holding.
6:45 of 2nd period - Tim Connolly wins face-off versus Bryan Little in Avalanche zone.
6:52 of 2nd period - Wrist shot by Tim Connolly.
6:52 of 2nd period - Stopped by Semyon Varlamov with a rebound.
6:54 of 2nd period - Wrist shot by Erik Gudbranson.
6:54 of 2nd period - Stopped by Semyon Varlamov without a rebound.
6:55 of 2nd period - Bryan Little wins face-off versus Tim Connolly in Avalanche zone.
7:27 of 2nd period - Wrist shot by Guillaume Latendresse.
7:27 of 2nd period - Stopped by Semyon Varlamov with a rebound.
7:29 of 2nd period - Slapshot by Guillaume Latendresse.
7:29 of 2nd period - Goal by Guillaume Latendresse - Avalanche : 0 - Panthers : 3.
7:30 of 2nd period - Bryan Little wins face-off versus Tim Connolly in neutral zone.
8:03 of 2nd period - Wrist shot by Radko Gudas.
8:03 of 2nd period - Shot Hit the Post.
8:05 of 2nd period - Snap shot by Matthew Spiller.
8:05 of 2nd period - Stopped by Semyon Varlamov without a rebound.
8:06 of 2nd period - Andrew Ladd wins face-off versus Scott Gomez in Avalanche zone.
8:24 of 2nd period - Penalty to Tomas Kopecky is over, Tomas Kopecky is back on ice.
8:44 of 2nd period - Penalty to Corey Perry is over, Corey Perry is back on ice.
9:06 of 2nd period - Off-side.
9:07 of 2nd period - Shawn Horcoff wins face-off versus Cory Emmerton in neutral zone.
9:10 of 2nd period - Slapshot by Erik Gudbranson.
9:10 of 2nd period - Shot Blocked by Alexander Radulov.
9:32 of 2nd period - Erik Gudbranson is hit by Brandon Yip and loses puck.
9:41 of 2nd period - Wrist shot by Andrew Ladd.
9:41 of 2nd period - Goal by Andrew Ladd - Avalanche : 1 - Panthers : 3.
9:42 of 2nd period - Guillaume Latendresse wins face-off versus Bryan Little in neutral zone.
10:03 of 2nd period - Tim Connolly is hit by Corey Perry and loses puck.
10:20 of 2nd period - Slapshot by Jonathan Sigalet.
10:20 of 2nd period - Shot Blocked by Pernell Karl Subban.
10:22 of 2nd period - Snap shot by Peter Prucha.
10:22 of 2nd period - Shot Misses the Net.
10:24 of 2nd period - Slapshot by Erik Gudbranson.
10:24 of 2nd period - Shot Misses the Net.
11:24 of 2nd period - Snap shot by Guillaume Latendresse.
11:24 of 2nd period - Stopped by Semyon Varlamov with a rebound.
11:38 of 2nd period - Wrist shot by Jay Bouwmeester.
11:38 of 2nd period - Shot Blocked by Cody Ceci.
11:40 of 2nd period - Snap shot by Jay Bouwmeester.
11:40 of 2nd period - Stopped by Petr Mrazek without a rebound.
11:41 of 2nd period - Scott Gomez wins face-off versus Andrei Kostitsyn in Panthers zone.
11:45 of 2nd period - Minor Penalty to Johnny Boychuk for Roughing.
11:46 of 2nd period - Tim Connolly wins face-off versus Andrew Ladd in Avalanche zone.
12:26 of 2nd period - Minor Penalty to Scott Gomez for Holding Stick.
12:27 of 2nd period - Guillaume Latendresse wins face-off versus Bryan Little in Panthers zone.
12:34 of 2nd period - Guillaume Latendresse is hit by Mikkel Boedker.
13:45 of 2nd period - Penalty to Johnny Boychuk is over, Johnny Boychuk is back on ice.
13:51 of 2nd period - Matthew Spiller is hit by Alexander Radulov and loses puck.
14:26 of 2nd period - Penalty to Scott Gomez is over, Scott Gomez is back on ice.
14:30 of 2nd period - Alexander Radulov is hit by Jonathan Sigalet.
14:40 of 2nd period - Chuck Kobasew is hit by Jonathan Sigalet and loses puck.
14:56 of 2nd period - Icing by Cody Ceci.
14:57 of 2nd period - Paul Stastny wins face-off versus Jonathan Matsumoto in Panthers zone.
15:00 of 2nd period - Slapshot by Andrew Ladd.
15:00 of 2nd period - Stopped by Petr Mrazek with a rebound.
15:02 of 2nd period - Snap shot by Brandon Yip.
15:02 of 2nd period - Shot Misses the Net.
15:43 of 2nd period - Wrist shot by Peter Prucha.
15:43 of 2nd period - Stopped by Semyon Varlamov with a rebound.
15:45 of 2nd period - Slapshot by Cody Ceci.
15:45 of 2nd period - Shot Misses the Net.
15:47 of 2nd period - Slapshot by Jonathan Sigalet.
15:47 of 2nd period - Stopped by Semyon Varlamov without a rebound.
15:48 of 2nd period - Bryan Little wins face-off versus Tim Connolly in Avalanche zone.
15:48 of 2nd period - Bryan Little is hit by Guillaume Latendresse.
16:14 of 2nd period - Andrei Kostitsyn is hit by Peter Prucha.
16:55 of 2nd period - Slapshot by David Krejci.
16:55 of 2nd period - Deflect By Ryan Smyth.
16:55 of 2nd period - Shot Blocked by William Colbert.
16:55 of 2nd period - Puck is out of play.
16:56 of 2nd period - Jonathan Matsumoto wins face-off versus David Krejci in Panthers zone.
17:03 of 2nd period - Pernell Karl Subban is hit by Erik Gudbranson.
17:11 of 2nd period - Snap shot by David Krejci.
17:11 of 2nd period - Stopped by Petr Mrazek with a rebound.
17:30 of 2nd period - Slapshot by Jack Johnson.
17:30 of 2nd period - Shot Misses the Net.
17:32 of 2nd period - Backhand shot by Jack Johnson.
17:32 of 2nd period - Stopped by Petr Mrazek without a rebound.
17:33 of 2nd period - Scott Gomez wins face-off versus Cory Emmerton in Panthers zone.
17:42 of 2nd period - Snap shot by Peter Prucha.
17:42 of 2nd period - Stopped by Semyon Varlamov with a rebound.
17:44 of 2nd period - Wrist shot by Daniel Sedin.
17:44 of 2nd period - Stopped by Semyon Varlamov without a rebound.
17:45 of 2nd period - Guillaume Latendresse wins face-off versus Bryan Little in Avalanche zone.
19:56 of 2nd period - Snap shot by Alexander Radulov.
19:56 of 2nd period - Shot Misses the Net.
19:58 of 2nd period - Slapshot by Jack Johnson.
19:58 of 2nd period - Shot Misses the Net.
Goals for this period are 1 for Avalanche vs 1 for Panthers.
Shots for this period are 9 for Avalanche vs 13 for Panthers.
3rd period
0:01 of 3rd period - Tim Connolly wins face-off versus Bryan Little in neutral zone.
0:08 of 3rd period - Wrist shot by Tim Connolly.
0:08 of 3rd period - Shot Misses the Net.
0:15 of 3rd period - Slapshot by Marc Staal.
0:15 of 3rd period - Stopped by Petr Mrazek with a rebound.
0:17 of 3rd period - Slapshot by Jay Bouwmeester.
0:17 of 3rd period - Shot Misses the Net.
0:27 of 3rd period - Paul Stastny is hit by Jonathan Sigalet and loses puck.
0:58 of 3rd period - Snap shot by Shawn Horcoff.
0:58 of 3rd period - Stopped by Semyon Varlamov with a rebound.
1:00 of 3rd period - Slapshot by Matthew Spiller.
1:00 of 3rd period - Stopped by Semyon Varlamov with a rebound.
1:38 of 3rd period - Johnny Boychuk is hit by Tim Connolly and loses puck.
2:17 of 3rd period - Slapshot by David Krejci.
2:17 of 3rd period - Goal by David Krejci - Avalanche : 2 - Panthers : 3.
2:18 of 3rd period - Tim Connolly wins face-off versus Bryan Little in neutral zone.
2:31 of 3rd period - Snap shot by Tim Connolly.
2:31 of 3rd period - Shot Misses the Net.
2:33 of 3rd period - Wrist shot by Guillaume Latendresse.
2:33 of 3rd period - Shot Misses the Net.
2:35 of 3rd period - Snap shot by Tim Connolly.
2:35 of 3rd period - Stopped by Semyon Varlamov with a rebound.
2:42 of 3rd period - Icing by Jay Bouwmeester.
2:43 of 3rd period - Cory Emmerton wins face-off versus Scott Gomez in Avalanche zone.
3:16 of 3rd period - Backhand shot by Andrew Ladd.
3:16 of 3rd period - Shot Blocked by Radko Gudas.
3:18 of 3rd period - Backhand shot by Pernell Karl Subban.
3:18 of 3rd period - Shot Blocked by Peter Prucha.
3:39 of 3rd period - Icing by Mikkel Boedker.
3:40 of 3rd period - Tim Connolly wins face-off versus Corey Perry in Avalanche zone.
4:09 of 3rd period - Wrist shot by Bryan Little.
4:09 of 3rd period - Stopped by Petr Mrazek without a rebound.
4:10 of 3rd period - Cory Emmerton wins face-off versus Daniel Sedin in Panthers zone.
4:42 of 3rd period - Slapshot by Brandon Yip.
4:42 of 3rd period - Shot Blocked by Shawn Horcoff.
4:44 of 3rd period - Backhand shot by Paul Stastny.
4:44 of 3rd period - Shot Misses the Net.
5:18 of 3rd period - Icing by Mark Giordano.
5:19 of 3rd period - Peter Prucha wins face-off versus David Krejci in Avalanche zone.
5:30 of 3rd period - Slapshot by David Krejci.
5:30 of 3rd period - Goal by David Krejci - Avalanche : 3 - Panthers : 3.
5:31 of 3rd period - Tim Connolly wins face-off versus Mikkel Boedker in neutral zone.
5:38 of 3rd period - Slapshot by Guillaume Latendresse.
5:38 of 3rd period - Shot Misses the Net.
5:55 of 3rd period - Icing by Jonathan Sigalet.
5:56 of 3rd period - Cory Emmerton wins face-off versus Scott Gomez in Panthers zone.
6:30 of 3rd period - Snap shot by Tim Connolly.
6:30 of 3rd period - Shot Misses the Net.
6:32 of 3rd period - Slapshot by Guillaume Latendresse.
6:32 of 3rd period - Stopped by Semyon Varlamov with a rebound.
7:01 of 3rd period - Minor Penalty to Corey Perry for Roughing.
7:02 of 3rd period - Andrew Ladd wins face-off versus Tim Connolly in Avalanche zone.
7:36 of 3rd period - Wrist shot by Scott Gomez.
7:36 of 3rd period - Shot Misses the Net.
7:38 of 3rd period - Snap shot by Scott Gomez.
7:38 of 3rd period - Shot Misses the Net.
7:48 of 3rd period - Matthew Spiller is hit by Andrew Ladd and loses puck.
7:55 of 3rd period - Jack Johnson is hit by Guillaume Latendresse and loses puck.
8:55 of 3rd period - Matthew Spiller is hit by Jay Bouwmeester and loses puck.
9:01 of 3rd period - Penalty to Corey Perry is over, Corey Perry is back on ice.
9:52 of 3rd period - Slapshot by David Krejci.
9:52 of 3rd period - Shot Misses the Net.
9:54 of 3rd period - Wrist shot by Chuck Kobasew.
9:54 of 3rd period - Goal by Chuck Kobasew - Avalanche : 4 - Panthers : 3.
9:55 of 3rd period - Scott Gomez wins face-off versus Bryan Little in neutral zone.
10:10 of 3rd period - Slapshot by Scott Gomez.
10:10 of 3rd period - Deflect By Peter Prucha.
10:10 of 3rd period - Shot Blocked by Mark Giordano.
10:10 of 3rd period - Puck is out of play.
10:11 of 3rd period - Tim Connolly wins face-off versus Cory Emmerton in Avalanche zone.
10:17 of 3rd period - Minor Penalty to Mark Giordano for Close Hand On Puck.
10:18 of 3rd period - Andrew Ladd wins face-off versus Tim Connolly in Avalanche zone.
10:23 of 3rd period - Icing by Marian Hossa.
10:24 of 3rd period - Tim Connolly wins face-off versus Andrew Ladd in Panthers zone.
10:55 of 3rd period - Slapshot by Scott Gomez.
10:55 of 3rd period - Stopped by Semyon Varlamov with a rebound.
11:11 of 3rd period - Radko Gudas is hit by Chuck Kobasew and loses puck.
12:17 of 3rd period - Penalty to Mark Giordano is over, Mark Giordano is back on ice.
12:59 of 3rd period - Snap shot by Jonathan Matsumoto.
12:59 of 3rd period - Shot Hit the Post.
13:08 of 3rd period - Icing by Cory Emmerton.
13:09 of 3rd period - Scott Gomez wins face-off versus Bryan Little in Avalanche zone.
14:00 of 3rd period - Wrist shot by Tomas Kopecky.
14:00 of 3rd period - Shot Blocked by Jack Johnson.
14:14 of 3rd period - Slapshot by Jack Johnson.
14:14 of 3rd period - Shot Misses the Net.
14:22 of 3rd period - Slapshot by Alexander Perezhogin.
14:22 of 3rd period - Shot Misses the Net.
14:26 of 3rd period - Snap shot by Alexander Perezhogin.
14:26 of 3rd period - Shot Misses the Net.
14:50 of 3rd period - Wrist shot by Bryan Little.
14:50 of 3rd period - Shot Misses the Net.
15:31 of 3rd period - Minor Penalty to Ryan Smyth for Tripping.
15:32 of 3rd period - Andrew Ladd wins face-off versus Tim Connolly in Avalanche zone.
15:32 of 3rd period - Andrew Ladd is hit by Jonathan Sigalet.
15:38 of 3rd period - Minor Penalty to Erik Gudbranson for Boarding.
15:39 of 3rd period - Bryan Little wins face-off versus Tim Connolly in Panthers zone.
17:31 of 3rd period - Penalty to Ryan Smyth is over, Ryan Smyth is back on ice.
17:31 of 3rd period - Wrist shot by Corey Perry.
17:31 of 3rd period - Shot Misses the Net.
17:33 of 3rd period - Wrist shot by Ryan Smyth.
17:33 of 3rd period - Shot Blocked by Jonathan Sigalet.
17:38 of 3rd period - Penalty to Erik Gudbranson is over, Erik Gudbranson is back on ice.
17:41 of 3rd period - Wrist shot by Corey Perry.
17:41 of 3rd period - Shot Misses the Net.
17:43 of 3rd period - Snap shot by Pernell Karl Subban.
17:43 of 3rd period - Shot Misses the Net.
17:45 of 3rd period - Snap shot by Andrei Kostitsyn.
17:45 of 3rd period - Shot Blocked by Jonathan Sigalet.
18:09 of 3rd period - Snap shot by Corey Perry.
18:09 of 3rd period - Shot Blocked by Erik Gudbranson.
18:11 of 3rd period - Wrist shot by Andrei Kostitsyn.
18:11 of 3rd period - Stopped by Petr Mrazek without a rebound.
18:12 of 3rd period - Scott Gomez wins face-off versus Paul Stastny in Panthers zone.
18:17 of 3rd period - Slapshot by Radko Gudas.
18:17 of 3rd period - Stopped by Semyon Varlamov without a rebound.
18:18 of 3rd period - Paul Stastny wins face-off versus Scott Gomez in Avalanche zone.
19:00 of 3rd period - Panthers, Petr Mrazek is pulled from the net.
19:02 of 3rd period - Snap shot by Daniel Sedin.
19:02 of 3rd period - Stopped by Semyon Varlamov without a rebound.
19:03 of 3rd period - Alain Vigneault call a timeout for Panthers.
19:03 of 3rd period - Tim Connolly wins face-off versus Bryan Little in Avalanche zone.
19:06 of 3rd period - Snap shot by Guillaume Latendresse.
19:06 of 3rd period - Shot Misses the Net.
19:16 of 3rd period - Snap shot by Tim Connolly.
19:16 of 3rd period - Shot Misses the Net.
19:20 of 3rd period - Snap shot by Guillaume Latendresse.
19:20 of 3rd period - Stopped by Semyon Varlamov without a rebound.
19:21 of 3rd period - Bryan Little wins face-off versus Tim Connolly in Avalanche zone.
19:21 of 3rd period - Bryan Little is hit by Erik Gudbranson.
19:24 of 3rd period - Minor Penalty to Andrew Ladd for Interference.
19:25 of 3rd period - Cory Emmerton wins face-off versus Tim Connolly in Avalanche zone.
19:59 of 3rd period - Snap shot by Scott Gomez.
19:59 of 3rd period - Shot Misses the Net.
Goals for this period are 3 for Avalanche vs 0 for Panthers.
Shots for this period are 6 for Avalanche vs 8 for Panthers.
Back to the Top